 Dungeon Crawl Stone Soup version 0.27-a0-1287-gca74d27db6 (webtiles) character file.

Game seed: 6278451183283338984

51 deletemesenpai the Skirmisher (level 3, 0/33 HPs)
             Began as a Hill Orc Fighter on June 14, 2021.
             Succumbed to an adder's poison
             ... on level 2 of the Dungeon.
             The game lasted 00:04:16 (1401 turns).

deletemesenpai the Skirmisher (Hill Orc Fighter)    Turns: 1401, Time: 00:04:17

Health: 0/33       AC:  9    Str: 16 (18) XL:     3   Next: 83%
Magic:  3/3        EV:  7    Int:  5 (8)  God:
Gold:   66         SH:  8    Dex: 10 (11) Spells: 2/2 levels left

rFire    . . .     SeeInvis .   a - +0 war axe
rCold    + . .     Faith    .   c - +0 kite shield
rNeg     . . .     Spirit   .   b - +0 scale mail
rPois    .         Reflect  .   (no helmet)
rElec    .         Harm     .   p - +0 cloak
rCorr    .         Rampage  .   e - +0 pair of gloves
Will     .....                  (no boots)
Stlth    ..........             (no amulet)
HPRegen  0.11/turn              g - ring of protection from cold
MPRegen  0.08/turn              (no ring)

@: mighty, lethally poisoned (0 -> -4), attractive
A: no striking features
a: no special abilities


You were on level 2 of the Dungeon.
You visited 1 branch of the dungeon, and saw 2 of its levels.

You collected 66 gold pieces.

Inventory:

Hand Weapons
 a - a +0 war axe (weapon)
Armour
 b - a +0 scale mail (worn)
 c - a +0 kite shield (worn)
 e - a +0 pair of gloves (worn)
 p - a +0 cloak (worn)
Magical Staves
 k - a staff of fire
 m - a staff of earth
Jewellery
 g - a ring of protection from cold (left hand)
 o - a ring of flight
Scrolls
 h - 2 scrolls of enchant weapon {unknown}
 i - 2 scrolls of identify {unknown}
 l - a scroll of fog {unknown}
 n - a scroll of noise {unknown}
 q - a scroll of fear {unknown}
Potions
 d - a potion of might


   Skills:
 + Level 4.0 Fighting
 + Level 3.3(3.7) Axes
 * Level 1.1(2.1) Maces & Flails
 * Level 1.3(2.2) Polearms
 + Level 3.6 Armour
 + Level 3.7 Shields


You had 2 spell levels left.
You didn't know any spells.
Your spell library was empty.

Dungeon Overview and Level Annotations

Branches:
Dungeon (2/15)

Altars:

Shops:
D:2 ?


Message History

The adder bites you.
* * * LOW HITPOINT WARNING * * *
You are lethally poisoned!
The adder poisons you!
It was a potion of curing.
You feel better. The adder bites you but does no damage.
You barely miss the kobold. You barely miss the adder. The adder bites you.
* * * LOW HITPOINT WARNING * * *
You block the kobold's attack. The adder bites you.
* * * LOW HITPOINT WARNING * * *
You feel better. You block the adder's attack. You block the kobold's attack.
The adder bites you.
* * * LOW HITPOINT WARNING * * *
The adder closely misses you. The adder bites you.
* * * LOW HITPOINT WARNING * * *
You block the adder's attack.
There is an escape hatch in the floor here.
The adder bites you.
* * * LOW HITPOINT WARNING * * *
You are lethally poisoned!
The adder poisons you!
It was a potion of degeneration.
There was something very wrong with that liquid.
You feel weakened.
You feel dopey.
You feel clumsy.
* * * LOW HITPOINT WARNING * * *
You feel sick. You block the adder's attack.
It was a potion of attraction.
You feel attractive to monsters.
* * * LOW HITPOINT WARNING * * *
You feel sick. The adder bites you but does no damage.
You feel very mighty all of a sudden.
* * * LOW HITPOINT WARNING * * *
You feel sick. You block the adder's attack.
The kobold hits you but does no damage.
You barely miss the adder.
The adder is lightly wounded.
You slash the kobold!
You kill the kobold!
You die...

# ##.####..##.##.# .#
#...#......K......# .#
#...##########.#### .# #...#
#####.######### ### #...#
#...K.÷.##.....
#.########...######.###÷÷#.......
.#.##.............#.###.###......
#..†.............).....## ##.....
†..##...........@S#.##..###..÷...
#.########...######.####.#[......
.....# #...# #.. .<..#......
#.##.# #)..# #########.#####
..##.## #.<.# #....##### .....∩#
##...### ###.###....# ......#
#...... .........#.#
......###....##.# #.##.#......#
.......##.#(###.##### #.........


You could see an adder.

Vanquished Creatures
  An adder (D:2)
  A worm (D:2)
  A dart slug (D:1)
  3 bats
  3 endoplasms
  A giant cockroach (D:2)
  5 goblins
  6 hobgoblins
  6 kobolds
  A quokka (D:2)
  3 ball pythons (D:2)
  3 frilled lizards
  2 rats (D:1)
36 creatures vanquished.

Notes
Turn   | Place    | Note
-------+----------+-------------------------------------------
     0 | D:1      | deletemesenpai the Hill Orc Fighter began the quest for the
                  | Orb.
     0 | D:1      | Reached XP level 1. HP: 19/19 MP: 1/1
   322 | D:1      | Reached XP level 2. HP: 27/27 MP: 2/2
   498 | D:1      | Reached skill level 1 in Polearms
   741 | D:2      | Reached XP level 3. HP: 19/33 MP: 3/3
   899 | D:2      | Noticed a floating eye
   901 | D:2      | Found a faded altar of an unknown god.
   902 | D:2      | Noticed a great orb of eyes
   902 | D:2      | Noticed a great orb of eyes
   902 | D:2      | Noticed a floating eye
   905 | D:2      | Reached skill level 1 in Maces & Flails
   955 | D:2      | Found Ennulekh's Magic Scroll Shop.
  1338 | D:2      | Reached skill level 4 in Fighting
  1400 | D:2      | HP: 1/33 [poisoned by an adder]
  1401 | D:2      | Succumbed to an adder's poison

Illustrated notes

Levels and vault maps discovered:
D:1:      lordsloth_arrival_two_stooges, layout_basic, patterned_corridor
D:2:      layout_loops_cross, serial_shops, shop,
          hellmonk_ecumenical_altar_watching_god

Skill      XL: |  1  2  3 |
---------------+----------+-----
Polearms       | 1 |  1.3
Axes           | 3 |  3.3
Maces & Flails | 1 |  1.1
Fighting       | 4 |  4.0
Armour         | |  3.6
Shields        | |  3.7

Action                   || total
-------------------------++-------
Melee: War axe           ||   103
  Use: Potion            ||     5
Armor: Scale mail        ||    61
Dodge: Dodged            ||    38
Block: Kite shield       ||    79

Table legend: (Time is in decaauts)
 A = Elapsed time spent in this place.
 B = Non-inter-level travel time spent in this place.
 C = Inter-level travel time spent in this place.
 D = Time resting spent in this place.
 E = Time spent auto-exploring this place.
 F = Levels seen in this place.
 G = Mean time per level.
                   A        B        C        D        E       F      G
               +--------+--------+--------+--------+--------+-----+--------+
         Total |   1458 |   1458 |      0 |    310 |    720 |   2 |  729.0 |
       Dungeon |   1458 |   1458 |      0 |    310 |    720 |   2 |  729.0 |
               +--------+--------+--------+--------+--------+-----+--------+

Top non-repeatable levels by time:
     D:1: 754 daAuts
     D:2: 704 daAuts
